 Dungeon Crawl Stone Soup version 0.21.1-1-g345015f (webtiles) character file.

1481 Amnesiac the Ducker (level 8, -8/64 HPs)
             Began as a Mummy Necromancer on Mar 12, 2018.
             Mangled by an ogre
             ... wielding a +0 giant club
              (30 damage)
             ... on level 6 of the Dungeon.
             The game lasted 00:09:27 (5626 turns).

Amnesiac the Ducker (Mummy Necromancer)             Turns: 5626, Time: 00:09:27

Health: -8/64      AC:  7    Str: 12    XL:     8   Next: 50%
Magic:  6/12       EV: 16    Int: 16    God:
Gold:   252        SH:  0    Dex: 12    Spells: 3/12 levels left

rFire    x . .     SeeInvis .   g - +0 dagger (venom)
rCold    + . .     Gourm    .   (no shield)
rNeg     + + +     Faith    .   h - +2 robe {Archmagi}
rPois    ∞         Spirit   .   i - +2 hat
rElec    .         Reflect  .   (no cloak)
rCorr    .         Harm     .   a - +0 pair of gloves
MR       +....                  (no boots)
Stlth    ++........             (no amulet)
HPRegen  0.20/turn              (no ring)
MPRegen  0.13/turn              (no ring)

@: very slightly contaminated
A: no food or potions, fire vulnerability, cold resistance 1, negative energy
resistance 3, torment resistance, unbreathing
a: no special abilities


You were on level 6 of the Dungeon.
You were not hungry.

You visited 1 branch of the dungeon, and saw 6 of its levels.

You collected 252 gold pieces.

Inventory:

Hand Weapons
 g - a +0 dagger of venom (weapon)
Missiles
 j - 50 sling bullets
 m - 13 poisoned needles
Armour
 a - a +0 pair of gloves (worn)
 h - a +2 robe of the Archmagi (worn)
 i - a +2 hat (worn)
Wands
 n - a wand of iceblast (11)
Scrolls
 c - 2 scrolls of teleportation {!r}
 d - 2 scrolls of remove curse {!r}
 e - 2 scrolls of enchant weapon {!r}
 k - a scroll of fear {!r}
 l - a scroll of fog {!r}
Books
 b - a book of Necromancy

   Spells                             Type                      Level
   a - Pain                           Necromancy                   1
   b - Animate Skeleton               Necromancy                   1
   c - Vampiric Draining              Necromancy                   3
   d - Regeneration                   Charms/Necromancy            3
   e - Animate Dead                   Necromancy                   4
   f - Borgnjor's Vile Clutch         Necromancy/Earth             5


   Skills:
 + Level 5.9 Fighting
 * Level 7.4 Dodging
 - Level 1.5 Stealth
 - Level 2.6 Spellcasting
 - Level 4.0 Necromancy


You had 3 spell levels left.
You knew the following spells:

 Your Spells              Type           Power        Failure   Level  Hunger
a - Pain                  Necr           ###.         3%          1    N/A
b - Borgnjor's Vile Clut  Necr/Erth      ##........   93%         5    N/A
d - Vampiric Draining     Necr           ###.......   11%         3    N/A

Dungeon Overview and Level Annotations

Branches:
Dungeon (6/15)
 Temple: D:4-7

Altars:
Ashenzari
Gozag
Hepliaklqana
Trog
Uskayaw
Vehumet
Yredelemnul

Shops:
D:5 =

Annotations:
D:3 buskinjo's ghost, amateur DgTm


Innate Abilities, Weirdness & Mutations

You do not eat or drink.
Your flesh is vulnerable to fire.
You are immune to poison.
Your flesh is cold resistant. (rC+)
You are immune to negative energy. (rN+++)
You are immune to unholy pain and torment.
You can survive without breathing.


Message History

You hit the quokka.
You kill the quokka!
An orc comes into view. It is wielding a club.
Things that are here:
a dire flail of holy wrath; a scale mail; the human corpse of Edmund An orc is nearby!
The orc shouts!
You hit the orc.
The orc is poisoned.
The orc is moderately wounded.
The orc barely misses you.
You hit the orc.
The orc is severely wounded.
You kill the orc!
No target in view!
No target in view!
You start resting.
HP restored.
Things that are here:
a club; a chain mail There isn't anything to butcher here.
Found an escape hatch in the ceiling.
Found a pair of gloves.
Found an escape hatch in the floor.
j - 50 sling bullets (gained 16)
Found a stone staircase leading down.
An ogre comes into view. It is wielding a giant club.
The ogre shouts!
An ogre is nearby!
Casting: Vampiric Draining
Confirm with . or Enter, or press ? or * to list all spells.
Aiming: Pain
Press: ? - help, Shift-Dir - straight line, f - ogre
Aim: an ogre, wielding a giant club (chance to defeat MR: 81%)
You feel a surge of power!
The ogre writhes in agony!
Casting: Pain
Confirm with . or Enter, or press ? or * to list all spells.
Aiming: Pain
Press: ? - help, Shift-Dir - straight line, f/p - ogre
Aim: an ogre, wielding a giant club (lightly wounded, chance to defeat MR: 81%)
You feel a surge of power!
The ogre writhes in agony!
Casting: Pain
Confirm with . or Enter, or press ? or * to list all spells.
Aiming: Pain
Press: ? - help, Shift-Dir - straight line, f/p - ogre
Aim: an ogre, wielding a giant club (heavily wounded, chance to defeat MR: 81%)
You feel a surge of power!
The ogre writhes in agony!
You closely miss the ogre.
The ogre is heavily wounded.
You hit the ogre but do no damage.
The ogre is poisoned.
The ogre is heavily wounded.
The ogre hits you with a giant club!!
You barely miss the ogre.
The ogre is heavily wounded.
The ogre hits you with a giant club!!
* * * LOW HITPOINT WARNING * * *
Casting: Pain
Confirm with . or Enter, or press ? or * to list all spells.
Aiming: Vampiric Draining
Press: ? - help, Shift-Dir - straight line, f/p - ogre
Aim: an ogre, wielding a giant club (heavily wounded, poisoned)
You feel a surge of power!
You miscast Vampiric Draining.
You are very lightly contaminated with residual magic.
Nothing appears to happen.
The ogre hits you with a giant club!!
You die...

##......... ..#
....###.......... ..#
....##..........#
..##...............
##..#.....#.......#
###................#
..............#...#
#...........@O.#
#..........##......
##.##.......## .....
.####.####...#...##.....
......## #..###.........
.####..# #..###...##....
# ##.###.......## .. #
##..........## ##
##..##..####..


You could see an ogre.

Vanquished Creatures
  Pikel (D:4)
  Sigmund (D:1)
  Edmund (D:6)
  An ice beast (D:1)
  2 slaves (D:4)
  An ogre (D:4)
  A centaur (D:5)
  A bullfrog (D:5)
  A scorpion (D:5)
  A howler monkey (D:4)
  A centaur zombie (D:5)
  A hound (D:4)
  A jelly (D:5)
  An iguana (D:5)
  4 worker ants
  A hound zombie (D:5)
  5 adders
  An ooze (D:2)
  3 worms
  A dart slug (D:2)
  3 leopard geckos
  12 orcs
  5 bats
  3 giant cockroaches
  8 goblins
  4 hobgoblins
  6 jackals (D:1)
  5 kobolds
  4 quokkas
  A ball python skeleton (D:5)
  5 frilled lizards
  A quokka skeleton (D:5)
  7 rats
94 creatures vanquished.

Notes
Turn   | Place    | Note
-------+----------+-------------------------------------------
     0 | D:1      | Amnesiac the Mummy Necromancer began the quest for the Orb.
     0 | D:1      | Reached XP level 1. HP: 13/13 MP: 4/4
   154 | D:1      | Reached skill level 2 in Dodging
   185 | D:1      | Reached XP level 2. HP: 20/20 MP: 1/5
   294 | D:1      | Reached skill level 1 in Fighting
   526 | D:1      | You fall through a shaft!
   526 | D:2      | Noticed Sigmund
   526 | D:2      | Noticed an ice beast
   564 | D:2      | Found a shattered altar of Ashenzari.
   773 | D:1      | Reached XP level 3. HP: 25/26 MP: 7/7
  1082 | D:1      | Learned a level 3 spell: Vampiric Draining
  1096 | D:1      | Killed Sigmund
  1096 | D:1      | Reached skill level 3 in Dodging
  1096 | D:1      | Reached XP level 4. HP: 8/34 MP: 1/8
  1096 | D:1      | Reached XP level 5. HP: 9/39 MP: 1/9
  1543 | D:2      | Reached skill level 4 in Dodging
  1847 | D:2      | Found a hide-covered altar of Uskayaw.
  1849 | D:2      | Noticed a hand axe
  1849 | D:2      | Noticed a dagger
  2224 | D:1      | Killed an ice beast
  2224 | D:1      | Reached XP level 6. HP: 47/47 MP: 10/10
  2365 | D:3      | Noticed buskinjo's ghost (amateur DgTm)
  3254 | D:4      | Found a hazy altar of Hepliaklqana.
  3292 | D:4      | Found a radiant altar of Vehumet.
  3340 | D:4      | Noticed a slave
  3340 | D:4      | Noticed a slave
  3357 | D:4      | Noticed a slave
  3359 | D:4      | Noticed a slave
  3360 | D:4      | Noticed Pikel
  3360 | D:4      | Killed a slave
  3390 | D:4      | Killed a slave
  3652 | D:4      | Reached skill level 5 in Dodging
  3722 | D:4      | Reached XP level 7. HP: 45/54 MP: 11/11
  3858 | D:4      | Found a bloodstained altar of Trog.
  3858 | D:4      | Found an opulent altar of Gozag.
  3960 | D:4      | Killed Pikel
  3960 | D:4      | Reached skill level 5 in Fighting
  3960 | D:4      | Reached skill level 6 in Dodging
  3960 | D:4      | Reached XP level 8. HP: 43/62 MP: 12/12
  4167 | D:5      | Entered Level 5 of the Dungeon
  4168 | D:5      | Found Qefusk's Jewellery Shoppe.
  4303 | D:5      | Found a basalt altar of Yredelemnul.
  4425 | D:5      | Reached skill level 7 in Dodging
  4864 | D:5      | Learned a level 5 spell: Borgnjor's Vile Clutch
  5441 | D:6      | Noticed Edmund
  5484 | D:6      | Killed Edmund
  5626 | D:6      | Mangled by an ogre

Skill      XL: |  1  2  3  4  5  6  7  8 |
---------------+-------------------------+-----
Dodging        | 2 3 4 5 6 7 |  7.4
Fighting       | 1 2 3 4 5 |  5.9
Stealth        | |  1.5
Spellcasting   | |  2.6
Necromancy     | |  4.0

Action                   |  1- 3 |  4- 6 |  7- 9 || total
-------------------------+-------+-------+-------++-------
Melee: Unarmed           |    28 |       |       ||    28
       Dagger            |    33 |   196 |   134 ||   363
 Cast: Pain              |    29 |     4 |     7 ||    40
       Vampiric Draining |     2 |     2 |     1 ||     5
  Use: Scroll            |     1 |       |     4 ||     5
 Stab: Sleeping          |     1 |     2 |     2 ||     5
       Distracted        |       |       |     1 ||     1
Armor: Robe              |    22 |    55 |    22 ||    99
Dodge: Dodged            |    84 |   124 |   102 ||   310
